 Dungeon Crawl Stone Soup version 0.18-a0-1426-g3b9a63c (webtiles) character file.

149 M4edhros the Insei (level 5, -12/33 HPs)
             Began as an Octopode Artificer on Feb 28, 2016.
             Killed themself with a badly aimed fireball (13 damage)
             ... on level 3 of the Dungeon.
             The game lasted 00:02:57 (1622 turns).

M4edhros the Insei (Octopode Artificer)             Turns: 1622, Time: 00:02:57

Health: -12/33     AC:  1    Str: 10    XL:     5   Next: 31%
Magic:  12/16      EV: 12    Int: 21    God:
Gold:   232        SH:  0    Dex: 12    Spells: 0 memorised, 4 levels left

rFire  . . .     SeeInvis .       - Unarmed
rCold  . . .     Gourm    .     (no shield)
rNeg   . . .     Faith    .     (helmet restricted)
rPois  .         Spirit   .     (no amulet)
rElec  .         Dismiss  .     q - ring of magical power
rCorr  .         Reflect  .     (no ring)
SustAt .         Harm     .     (no ring)
MR     .....                    (no ring)
Stlth  +++.......               (no ring)
                                (no ring)
                                (no ring)
                                (no ring)

@: brilliant, flying, starving, not resistant to hostile enchantments, fairly
stealthy
A: almost no armour, amphibious, 8 rings, constrict 8, camouflage 1, gelatinous
body 1
a: no special abilities


You were on level 3 of the Dungeon.
You were starving.

You visited 1 branch of the dungeon, and saw 4 of its levels.

You collected 232 gold pieces.

Inventory:

Jewellery
 q - a ring of magical power (left tentacle)
Wands
 b - a wand of flame (15/48)
 c - a wand of enslavement (14/24)
 d - a wand of random effects (12/48)
Scrolls
 a - 2 scrolls of recharging {unknown}
 e - 5 scrolls of identify {unknown}
 h - a scroll of remove curse {unknown}
 i - a scroll of fog {unknown}
 j - 2 scrolls of teleportation {unknown}
 l - a scroll of fear {unknown}
 p - a scroll of magic mapping {unknown}
Potions
 n - a potion of brilliance
Comestibles
 f - 3 bread rations
 g - 2 beef jerkies
 m - a slice of pizza
 o - a meat ration


   Skills:
 - Level 1.0 Fighting
   Level 1.0 Short Blades
 - Level 2.0 Dodging
 - Level 1.3 Stealth
 + Level 4.8 Unarmed Combat
 - Level 3.2 Evocations


You had 4 spell levels left.
You didn't know any spells.

Dungeon Overview and Level Annotations

Branches:
Dungeon (4/15)
 Temple: D:4-7

Altars:
Cheibriados
Elyvilon
Sif Muna
Zin

Shops:
D:4 [

Annotations:
D:3 Robin


Innate Abilities, Weirdness & Mutations

You cannot wear most types of armour.
You are amphibious.
You can wear up to eight rings at the same time.
You can use your tentacles to constrict eight enemies at once.
Your skin changes colour to match your surroundings (Stealth).
Your rubbery body absorbs attacks (AC +1).


Message History

Press: ? - help, Shift-Dir - straight line, f - orc
Aim: an orc, wielding a club and wearing a leather armour The ball python seems to speed up.
This wand has 12 charges left.
You feel sick.
You are no longer poisoned.
The ball python bites you.
* * * LOW HITPOINT WARNING * * *
The ball python constricts you. The ball python barely misses you.
The ball python constricts you.
Unknown command.
Evoke which item? (* to show all) (? for menu, Esc to quit)
Zapping:
d - a wand of random effects (12/48)
Press: ? - help, Shift-Dir - straight line, f - orc
Aim: an orc, wielding a club and wearing a leather armour The fireball explodes!
The fireball engulfs the ball python.
You kill the ball python!
The fireball engulfs the orc.
You kill the orc!
The fireball engulfs you!
You die...

# ##. ##).
#.... .##...###
#.....)†#####.#
#@.)o...#
####._.## .#
####### #
#.....# #8#
#####.# ...8#
#.#
....######.#
...._#...#.#


You could see an orc wizard.

Vanquished Creatures
  2 hounds (D:4)
  A worker ant (D:4)
  An adder (D:4)
  A shadow imp (D:4)
  A worm (D:4)
  A dart slug (D:2)
  A giant gecko (D:4)
  3 orcs (D:3)
  8 giant cockroaches
  3 goblins
  A hobgoblin (D:1)
  A ball python (D:3)
  3 giant newts
  3 kobolds
  4 rats
34 creatures vanquished.

Vanquished Creatures (collateral kills)
  A howler monkey skeleton (D:4)
1 creature vanquished.

Grand Total: 35 creatures vanquished

Notes
Turn   | Place    | Note
--------------------------------------------------------------
     0 | D:1      | M4edhros the Octopode Artificer began the quest for the Orb.
     0 | D:1      | Reached XP level 1. HP: 13/13 MP: 3/3
    32 | D:1      | Reached skill level 1 in Unarmed Combat
    62 | D:1      | Reached XP level 2. HP: 15/18 MP: 4/4
   271 | D:1      | Reached skill level 2 in Unarmed Combat
   629 | D:2      | Found a faded altar to an unknown god.
   929 | D:3      | Noticed Robin
   996 | D:3      | Reached XP level 3. HP: 23/23 MP: 5/5
  1031 | D:3      | Found a white marble altar of Elyvilon.
  1096 | D:3      | Found a glowing silver altar of Zin.
  1163 | D:4      | Reached skill level 3 in Unarmed Combat
  1163 | D:4      | Reached XP level 4. HP: 18/28 MP: 6/6
  1213 | D:4      | Found Damobuz's Antique Armour Boutique.
  1228 | D:4      | Reached skill level 4 in Unarmed Combat
  1539 | D:4      | Found a deep blue altar of Sif Muna.
  1575 | D:4      | Reached XP level 5. HP: 29/33 MP: 7/7
  1618 | D:3      | Found a snail-covered altar of Cheibriados.
  1621 | D:3      | HP: 1/33 [ball python (1)]
  1622 | D:3      | Killed themself with a badly aimed fireball

Vault maps used:
D:1:      onia_arrival_larder
D:2:      grunt_qazlal_sundering, ecumenical_altar_1, first_bread,
          okawaru_gym_becter
D:3:      lemuel_round_altar, cheibriados_altar_1,
          nicolae_overflow_hidden_temple, kennysheep_generic_room_6, uniq_robin
D:4:      lemuel_doored_altar, serial_shops, shop_coins

Skill      XL: |  1  2  3  4 |
---------------+-------------+-----
Unarmed Combat | 1 2 3 4 |  4.8
Fighting       | |  1.0
Short Blades   | |  1.0
Dodging        | |  2.0
Stealth        | |  1.3
Evocations     | |  3.2

Action                   |  1- 3 |  4- 6 || total
-------------------------+-------+-------++-------
Melee: Unarmed           |    60 |    19 ||    79
Evoke: Wand              |       |     4 ||     4
  Use: Potion            |       |     2 ||     2
 Stab: Sleeping          |     6 |     1 ||     7
       Distracted        |     2 |       ||     2
